 Dungeon Crawl Stone Soup version 0.30.1-11-g7821555f0a (webtiles) character file.

Game seed: 6748783373888412779

282 pkoi the Insei (level 6, -6/51 HPs)
             Began as a Draconian Monk on Nov 2, 2023.
             Was a Believer of Makhleb.
             Mangled by a gnoll
             ... wielding a +2 heavy flail
             ... led by a gnoll bouda
              (14 damage)
             ... on level 3 of the Dungeon.
             The game lasted 00:04:13 (2656 turns).

pkoi the Insei (Draconian Monk)                     Turns: 2656, Time: 00:04:13

Health: -6/51      AC:  9    Str: 13    XL:     6   Next: 6%
Magic:  8/8        EV: 12    Int: 13    God:    Makhleb [**....]
Gold:   228        SH:  0    Dex: 13    Spells: 5/5 levels left

rFire   . .          .
                       - Unarmed
rCold   + . .        b - orb {light}
rNeg    . . .        (body armour unavailable)
rPois   .            (helmet restricted)
rElec   .            p - +0 cloak
rCorr   .            (no gloves)
SInv    .            g - +1 pair of boots
Will    .....        (no amulet)
Stlth   +            l - ring of protection from cold
HPRegen 0.28/turn    (no ring)
MPRegen 0.11/turn

%: no passive effects
@: glowing
A: AC +6, unfitting armour, cold-blooded
a: Renounce Religion, Minor Destruction


You were on level 3 of the Dungeon.
You worshipped Makhleb.
Makhleb was pleased with you.
You visited 1 branch of the dungeon, and saw 4 of its levels.

You collected 228 gold pieces.

Inventory:

Hand Weapons
 o - a +0 dagger
Missiles
 k - 2 poisoned darts (quivered)
Armour
 b - an orb of light (worn)
 g - a +1 pair of boots (worn)
 p - a +0 cloak (worn)
Jewellery
 l - a ring of protection from cold (left hand)
Wands
 t - a wand of roots (8)
Scrolls
 h - a scroll of fog
 i - 2 scrolls of identify
 n - a scroll of vulnerability {unknown}
 q - a scroll of poison {unknown}
 r - a scroll of amnesia {unknown}
 s - a scroll of fear {unknown}
Potions
 a - a potion of ambrosia
 c - 3 potions of mutation {unknown}
 d - a potion of invisibility
 e - a potion of magic {unknown}
 f - 2 potions of heal wounds {unknown}


   Skills:
 - Level 3.2 Fighting
 - Level 2.6 Dodging
 + Level 6.1 Unarmed Combat
 + Level 3.0 Invocations


You had 5 spell levels left.
You didn't know any spells.
Your spell library contained the following spells:

 Spells                   Type           Power      Damage    Failure   Level
 Freeze                   Ice            0%         1d3       30%         1
 Frozen Ramparts          Ice            0%         1d1       67%         3
 Hailstorm                Conj/Ice       0%         3d3       67%         3
 Ice Form                 Ice/Tmut       0%         N/A       97%         4
 Simulacrum               Ice/Necr       0%         N/A       100%        6


Dungeon Overview and Level Annotations

Branches:
Dungeon (4/15)
 Temple: D:4-7

Altars:
Makhleb
Uskayaw
The Shining One


Innate Abilities, Weirdness & Mutations

Your plain brown scales are hard. (AC +6)
You cannot fit into any form of body armour.
You are cold-blooded and may be slowed by cold attacks.


Message History

Your scales feel tougher.
You hit the gnoll.
The gnoll is heavily wounded.
You completely miss the gnoll.
The gnoll is heavily wounded.
The gnoll barely misses you.
You punch the gnoll!
You kill the gnoll!
Makhleb accepts your kill.
You feel better.
Your Invocations skill increases to level 3!
Things that are here:
a +0 spear; a gnoll corpse
There is a stone staircase leading up, spattered with blood here.
You climb upwards.
There is a stone staircase leading down, spattered with blood here.
You start resting.
A gnoll is nearby!
A gnoll is nearby!
Okay, then.
The gnoll shouts!
You see here an iguana skeleton.
You barely miss the gnoll. The gnoll hits you but does no damage.
You hit the gnoll.
The gnoll is moderately wounded.
You hit the gnoll.
The gnoll is heavily wounded.
The gnoll hits you with a +2 heavy flail.
You hit the gnoll but do no damage.
Your tail-slap misses the gnoll.
The gnoll is heavily wounded.
You hit the gnoll.
The gnoll is severely wounded.
The gnoll hits you with a +2 heavy flail!
* * * LOW HITPOINT WARNING * * *
You hit the gnoll.
The gnoll is almost dead.
You hit the gnoll but do no damage.
The gnoll is almost dead.
The gnoll hits you with a +2 heavy flail!
You die...

#.# #.......#.# ##.## ##.###. #.#
####...##.# #.# #.# #. ..#
#...##.# #.# #.###. ### #.#.##.#
##'## #..... #......###...##
#####. ###.#####..[..##########
##.#.# ##.......##.......
#########....###....[....#.##....
...........(...g@.รท>.....'.......
#########<...###....)....#.##....
##.#.# ##.......##.##...# ####.#
##.....###.##.##. #....# ##(..##
#.##.##. ##.#### ##'## #.##.##.
#..# #.# #....... ##..##
#.########.### ##8..8####
##.......##.#


You could see a gnoll.

Vanquished Creatures
  A gnoll bouda (D:3)
  An orc wizard (D:3)
  Natasha (twice) (D:3)
  An iguana (D:3)
  7 gnolls
  2 adders
  A worm (D:3)
  A dart slug (D:2)
  3 orcs (D:3)
  2 ball pythons
  2 endoplasms
  3 giant cockroaches
  5 goblins
  5 hobgoblins
  8 jackals
  8 bats
  3 frilled lizards
  6 kobolds
  5 rats
66 creatures vanquished.

Notes
Turn   | Place    | Note
-------+----------+-------------------------------------------
     0 | D:1      | pkoi the Draconian Monk began the quest for the Orb.
     0 | D:1      | Reached XP level 1. HP: 19/19 MP: 1/1
   439 | D:1      | Reached XP level 2. HP: 26/26 MP: 2/2
   703 | D:2      | Found a hide-covered altar of Uskayaw.
   837 | D:2      | Reached skill level 4 in Unarmed Combat
   886 | D:2      | Reached XP level 3. HP: 29/31 MP: 3/3
  1618 | D:3      | Reached skill level 5 in Unarmed Combat
  1618 | D:3      | Reached XP level 4. HP: 38/38 MP: 4/4
  1619 | D:3      | Found a hide-covered altar of Uskayaw.
  1776 | D:3      | Found a glowing golden altar of the Shining One.
  1776 | D:3      | Found a burning altar of Makhleb.
  1788 | D:3      | Became a worshipper of Makhleb the Destroyer
  1788 | D:3      | Reached * piety under Makhleb
  1788 | D:3      | Reached ** piety under Makhleb
  1857 | D:3      | Noticed Natasha
  1865 | D:3      | Killed Natasha
  1866 | D:3      | Reached skill level 1 in Invocations
  2193 | D:4      | Reached XP level 5. HP: 45/45 MP: 5/5
  2203 | D:3      | Noticed Natasha
  2211 | D:3      | Killed Natasha
  2394 | D:3      | Reached skill level 6 in Unarmed Combat
  2636 | D:4      | Reached XP level 6. HP: 20/51 MP: 8/8
  2656 | D:3      | Mangled by a gnoll

Illustrated notes

Levels and vault maps discovered:
D:1:      matt_arrival_grand_opening, layout_loops_ring, minmay_box_of_dots
D:2:      layout_rooms, basic_altar
D:3:      layout_loops_corners, gammafunk_temple_overflow_elements,
          mainiacjoe_overflow_boulevard, st_stairs_6, uniq_natasha
D:4:      layout_loops_cross, lemuel_crystal_altar, serial_bayou_pond_a

Skill      XL: |  1  2  3  4  5  6 |
---------------+-------------------+-----
Unarmed Combat | 4 5 6 |  6.1
Invocations    | 1 2 3 |  3.0
Fighting       | |  3.2
Dodging        | |  2.6

Action                     |  1- 3 |  4- 6 || total
---------------------------+-------+-------++-------
  Melee: Unarmed           |   103 |    93 ||   196
         Tailslap          |    15 |    17 ||    32
  Throw: Dart              |       |     3 ||     3
    Use: Scroll            |       |     6 ||     6
 Armour: Skin              |    31 |    28 ||    59
  Dodge: Dodged            |    51 |    59 ||   110
